 Dungeon Crawl Stone Soup version 0.23.2-40-g277498a001 (webtiles) character file.

Game seed: 11697486759623842989

387374 MisterOstroum the Executioner (level 23, -9/161 HPs)
             Began as a Gargoyle Berserker on Sept 13, 2019.
             Was the Champion of Trog.
             Splashed by an acid blob's acid (14 damage)
             ... on level 5 of the Pits of Slime.
             The game lasted 01:54:07 (54022 turns).

MisterOstroum the Executioner (Gargoyle Berserker) Turns: 54022, Time: 01:54:08

Health: -9/161     AC: 29    Str: 37    XL:     23   Next: 2%
Magic:  27/27      EV: 12    Int:  8    God:    Trog [******]
Gold:   1289       SH:  0    Dex: 11    Spells: 22/22 levels left

rFire    + + .     SeeInvis .   a - +9 executioner's axe (freeze)
rCold    + . .     Gourm    .   (shield currently unavailable)
rNeg     + + .     Faith    .   N - +7 plate armour {rC+}
rPois    ∞         Spirit   .   u - +2 helmet
rElec    +         Reflect  .   Y - +2 cloak {rF+}
rCorr    .         Harm     .   A - +2 pair of gloves
MR       +++++     Clarity  +   (no boots)
Stlth    ..........             n - amulet of the Four Winds {rN+ MR+++ Clar}
HPRegen  1.36/turn              f - +6 ring of strength
MPRegen  0.20/turn              I - ring of protection from fire

@: corroded, berserk cooldown, regenerating, slowed, very slow
A: big wings, agile 1, blurry vision 1, clarity, negative energy resistance 1,
electricity resistance, unbreathing, petrification resistance, rot immunity, AC
+17
}: 2/15 runes: decaying, serpentine
a: Fly, Berserk, Trog's Hand, Brothers in Arms, Renounce Religion


You were on level 5 of the Pits of Slime.
You worshipped Trog.
Trog was exalted by your worship.
You were not hungry.

You visited 7 branches of the dungeon, and saw 40 of its levels.
You also visited: Ossuary, Ice Cave and Volcano.

You collected 4040 gold pieces.
You spent 2751 gold pieces at shops.

Inventory:

Hand Weapons
 a - a +9 executioner's axe of freezing (weapon)
Missiles
 p - 4 javelins of penetration
 w - 11 javelins of returning
 K - 6 silver tomahawks
 O - 2 throwing nets (quivered) {!f}
Armour
 u - a +2 helmet (worn)
 A - a +2 pair of gloves (worn)
 N - a +7 plate armour of cold resistance (worn)
 Y - a +2 cloak of fire resistance (worn)
Jewellery
 f - a +6 ring of strength (left hand)
 n - the amulet of the Four Winds (around neck) {rN+ MR+++ Clar}
   (You bought it in a shop on level 3 of the Snake Pit)

   [amulet of nothing]

   It protects you from negative energy.
   It affects your resistance to hostile enchantments.
   It protects you against confusion.
 y - an uncursed ring of see invisible
 I - a ring of protection from fire (right hand)
Wands
 k - a wand of iceblast (27)
 l - a wand of disintegration (29)
 v - a wand of random effects (136)
 F - a wand of paralysis (35)
 G - a wand of polymorph (28)
 H - a wand of enslavement (10)
 M - a wand of acid (16)
 U - a wand of scattershot (11)
Scrolls
 g - 2 scrolls of fog {!r}
 i - 4 scrolls of teleportation {@r3 !r}
 r - 14 scrolls of identify {@r1}
 t - 15 scrolls of remove curse {@r2}
 z - 2 scrolls of vulnerability
 E - 2 scrolls of fear {!r}
 S - 4 scrolls of immolation
 T - a scroll of enchant weapon
 V - 2 scrolls of summoning
 W - 3 scrolls of magic mapping {@r5 !r}
Potions
 c - 2 potions of cancellation
 h - 5 potions of lignification {@q6}
 j - 16 potions of might {@q3 !q}
 m - a potion of invisibility
 q - 3 potions of agility {@q5 !q}
 s - 8 potions of curing {@q1 !q}
 x - 4 potions of mutation
 B - 5 potions of ambrosia
 L - 2 potions of resistance
 Q - a potion of haste {@q4 !q}
 X - 2 potions of brilliance
 Z - 2 potions of berserk rage
Miscellaneous
 d - a lightning rod (4/4)
 o - a box of beasts
 J - a phantom mirror
 R - a lamp of fire
Comestibles
 e - 33 rations


   Skills:
 + Level 21.9 Fighting
 * Level 23.3(23.9) Axes
   Level 11.9(20.0) Maces & Flails
 - Level 16.2 Armour
 - Level 6.0 Dodging
 - Level 5.6 Evocations


You had 22 spell levels left.
You didn't know any spells.
Your spell library contained the following spells:

 Spells                   Type           Power        Failure   Level  Hunger
 Magic Dart               Conj           #...         86%         1    ##.....
 Sandblast                Erth           #.....       86%         1    ##.....
 Passwall                 Tmut/Erth      #.......     94%         2    ###....
 Searing Ray              Conj           #.....       94%         2    ###....
 Dazzling Spray           Conj/Hex       #.....       99%         3    ####...
 Recall                   Summ/Tloc      N/A          99%         3    ####...
 Stone Arrow              Conj/Erth      #.....       99%         3    ####...
 Animate Dead             Necr           N/A          100%        4    #####..
 Force Lance              Conj/Tloc      #.......     100%        4    #####..
 Fulminant Prism          Conj/Hex       #.........   100%        4    #####..
 Iskenderun's Mystic Bla  Conj           #.......     100%        4    #####..
 Borgnjor's Vile Clutch   Necr/Erth      #.........   100%        5    ######.
 Lee's Rapid Deconstruct  Erth           #.........   100%        5    ######.
 Death Channel            Necr           #.........   100%        6    #######
 Simulacrum               Ice/Necr       #.........   100%        6    #######
 Statue Form              Tmut/Erth      Unusable     N/A         6    N/A

Dungeon Overview and Level Annotations

Branches:
Dungeon (15/15)            Temple (0/1) D:6            Lair (6/6) D:9
  Swamp (4/4) Lair:4        Snake (4/4) Lair:3        Slime (5/5) Lair:6
    Orc (2/2) D:10            Elf (0/3) Orc:2        Vaults (4/5) D:14
  Crypt (0/3) Vaults:2     Depths (0/5) D:15

Altars:
Ashenzari
Cheibriados
Dithmenos
Fedhas
Gozag
Hepliaklqana
Makhleb
Nemelex Xobeh
Okawaru
Qazlal
Sif Muna
Trog
Uskayaw
The Shining One
Beogh
Jiyva

Shops:
D:4 ?   D:5 (   D:7 *   D:9 !(}   D:10 (*   D:14 *   D:15 (   Orc:1 (*
Orc:2 =!:   Snake:1 *[*%   Snake:3 }=}   Vaults:1 [   Vaults:2 !   Vaults:4 %

Portals:
Hell: Lair:6

Annotations:
Lair:3 exclusion: 2 oklob plants
Swamp:1 3 runed translucent doors, Descartes's ghost, journeyman FoFi
Abyss:1 Dowan


Innate Abilities, Weirdness & Mutations

You are resistant to torment.
Your stone body is resilient. (AC +17)
You are immune to poison.
Your large and strong wings let you fly indefinitely.
You resist negative energy. (rN+)
You are resistant to electric shocks. (rElec)
You can survive without breathing.
You are immune to petrification.
You are immune to rotting.
You are agile. (Dex +2)
Scrolls take you a little longer to read.
You possess an exceptional clarity of mind.


Message History

The acid blob quivers.
You chop the death ooze into pieces!!! You freeze the death ooze.
You destroy the death ooze!
That felt strangely unrewarding.
You slash the acid blob! You freeze the acid blob. The acid corrodes you!
Your hands burn!
You hit the azure jelly. The acid blob spits acid at you.
The splash of acid hits you but does no damage.
The acid corrodes you!
You are splashed with acid!
The azure jelly closely misses you. The azure jelly hits you.
The azure jelly freezes you! You resist.
The azure jelly hits you but does no damage. x2
The acid blob spits acid at you.
The splash of acid hits you but does no damage.
The acid corrodes you!
You are splashed with acid!
You are too injured to fight recklessly!
You are too injured to fight recklessly!
You stop ascending the stairs.
Your surroundings suddenly seem different.
You start resting.
An acid blob comes into view.
The acid blob quivers.
The acid blob spits acid at you.
The splash of acid hits you but does no damage.
The acid corrodes you!
You are splashed with acid!
A red film seems to cover your vision as you go berserk!
You feel yourself moving faster!
You feel mighty!
You feel a lot more hungry.
You feel a strong urge to attack something.
The acid blob hits you but does no damage.
You barely miss the acid blob. The acid blob spits acid at you.
The splash of acid hits you. The acid corrodes you!
You are splashed with acid!
You slice the acid blob!! You freeze the acid blob!
Your hands burn!
The acid blob is moderately wounded.
You slice the acid blob!! You freeze the acid blob!
Your hands burn!
The acid blob is severely wounded.
The acid blob jiggles.
The acid blob spits acid at you. The splash of acid misses you.
You slice the acid blob!! You freeze the acid blob!
Your hands burn!
The acid blob is almost dead.
The acid blob misses you.
You slice the acid blob!! You freeze the acid blob.
You kill the acid blob!
Trog accepts your kill.
You have reached level 23!
You feel a strong urge to attack something.
Unknown command.
You feel your anger nearly subside.
You are no longer berserk.
You are exhausted.
You feel yourself slow down.
Found a pair of glowing boots.
An acid blob comes into view.
The acid blob moves out of view.
The acid blob quivers.
The acid blob spits acid at you.
The splash of acid hits you but does no damage.
The acid corrodes you!
You are splashed with acid!
Found 56 gold pieces, a hardcover book and 3 scrolls of random uselessness.
Okay, then.
The acid blob hits you but does no damage.
The acid blob jiggles.
The acid blob hits you but does no damage.
Your skin crawls.
You feel resistant to hostile enchantments.
You feel quite a bit more hungry. The acid blob hits you!!
The acid corrodes you!
You are splashed with acid.
The acid blob hits you but does no damage.
You slice the acid blob like a ripe choko!!!
You freeze the acid blob.
Your hands burn!
The acid blob is severely wounded.
An acid blob comes into view.
The acid blob hits you but does no damage.
You slice the acid blob!! You freeze the acid blob.
Your hands burn!
The acid blob is almost dead.
The acid blob hits you!
You are splashed with acid!
* * * LOW HITPOINT WARNING * * *
The acid blob misses you.
You slice the acid blob like a ripe choko!!!
You freeze the acid blob!
You kill the acid blob!
Trog accepts your kill.
You slice the acid blob like a ripe choko!!!
You freeze the acid blob!!
Your hands burn!
* * * LOW HITPOINT WARNING * * *
The acid blob is severely wounded.
The acid blob hits you!
* * * LOW HITPOINT WARNING * * *
You are splashed with acid.
* * * LOW HITPOINT WARNING * * *
An acid blob comes into view.
The acid blob spits acid at you. The splash of acid hits you!
* * * LOW HITPOINT WARNING * * *
You are splashed with acid!!
* * * LOW HITPOINT WARNING * * *
The acid blob spits acid at you.
The splash of acid hits you but does no damage.
You are splashed with acid!
You die...

.,........,,,,,,,,,,,,,,,,,,,,,,,
.#.................,,****,*****,,
..#...............,,**,**,,**,**,
...................**,,,**.*,,,**
#.................#*,,,**..**,,,*
#................#*,,,,,...*,,,,,
.................#*,,,,....**,,,,
.................#**,,.[J..*,*,,*
................@####......******
.................#..J......,,,*,,
.................JJ#........#.,,*
.................####......###***
.................#**,$.:...#)*,,*
.................#*,,,$....##,,,,
.................#*,,,:?...#,,,,,
..................#*,,,##..#*,,,#
...................#*,,,##.#,,,##


You could see an acid blob.

Vanquished Creatures
  the Royal Jelly (Slime:5)
  Saint Roka (Orc:2)
  Bai Suzhen (Swamp:4)
  Nikola (Swamp:3)
  A tentacled monstrosity (Swamp:4)
  16 acid blobs
  Roxanne (Snake:1)
  A thorn hunter (Swamp:3)
  A tengu reaver (Vaults:3)
  Donald (Snake:2)
  2 fire giants (Vaults:3)
  4 azure jellies
  8 nagarajas
  2 frost giants
  Aizul (Snake:1)
  16 vault wardens
  2 entropy weavers
  7 stone giants
  A war gargoyle (Vaults:4)
  3 very ugly things (Swamp:4)
  21 ironheart preservers
  A dire elephant (Lair:6)
  2 deep elf death magi
  2 green deaths (Swamp:4)
  13 yaktaur captains
  2 ettins
  2 crystal guardians (Vaults:3)
  A jiangshi (Vaults:2)
  4 death oozes (Slime:5)
  9 great orbs of eyes
  4 fire dragons
  9 naga warriors
  10 vault guards
  Fannar (Lair:2)
  3 rakshasas
  6 ice dragons
  14 hydras
  Erolcha (D:11)
  2 shambling mangroves (Swamp:1)
  3 ghost crabs
  7 anacondas
  11 centaur warriors
  14 ogre magi
  The ghost of Meegle the Thaumaturge, a journeyman DEFE of Vehumet (D:11)
  4 deep troll shamans
  17 alligators
  45 two-headed ogres
  7 death yaks
  A deep troll earth mage (Vaults:2)
  3 death knights
  18 naga sharpshooters
  3 orc high priests (Orc:2)
  A sun demon (Lair:6)
  Sonja (Lair:2)
  A titan skeleton (D:15)
  5 deep elf knights
  5 skeletal warriors
  10 shock serpents
  A fire crab (shapeshifter) (Vaults:2)
  A shadow wraith (Vaults:3)
  2 unseen horrors
  A spriggan druid (Swamp:3)
  A salamander mystic (Snake:3)
  18 deep trolls
  A glowing orange brain (shapeshifter) (Vaults:1)
  2 glowing orange brains
  2 deep elf archers
  3 flayed ghosts
  Pikel (D:6)
  3 wizards
  An obsidian statue (Volcano)
  3 phantasmal warriors
  12 swamp dragons
  14 harpies
  22 ironbrand convokers
  10 naga ritualists
  16 orc knights
  3 shining eyes
  A wolf spider (shapeshifter) (Vaults:4)
  3 necromancers
  A wolf spider zombie (D:15)
  5 orc sorcerers (Orc:2)
  6 deep elf magi
  A tengu skeleton (Vaults:3)
  44 ugly things
  4 mana vipers
  5 wolf spiders
  13 salamanders
  4 cyclopes
  42 black mambas
  A frost giant skeleton (Vaults:3)
  14 vault sentinels
  7 elephants
  2 black mambas (shapeshifter)
  20 naga magi
  3 orange demons (Swamp:4)
  A molten gargoyle (Lair:5)
  4 guardian serpents
  18 spiny frogs
  A gargoyle (D:14)
  2 ice statues (IceCv)
  A spriggan zombie (D:15)
  6 rime drakes
  2 yaktaur zombies
  10 freezing wraiths
  3 efreet
  A rime drake (shapeshifter) (Vaults:1)
  3 kobold demonologists (D:15)
  A hellwing (Lair:6)
  2 komodo dragons
  A komodo dragon (shapeshifter) (Vaults:1)
  60 yaktaurs
  A yaktaur skeleton (Vaults:3)
  7 trolls
  21 polar bears
  15 tyrant leeches
  Grinder (D:3)
  13 hornets
  10 bog bodies
  A wind drake (shapeshifter) (Vaults:2)
  69 slime creatures
  A dream sheep (Lair:6)
  7 hippogriffs
  7 blink frogs
  2 flying skulls (Vaults:2)
  7 redbacks
  Sigmund (D:4)
  4 shadows
  A large abomination (Swamp:4)
  31 yaks
  5 spriggans
  6 wraiths
  4 wyverns
  8 fire bats (Volcano)
  Eustachio (D:6)
  A human (shapeshifter) (Vaults:4)
  2 basilisks
  2 hungry ghosts
  2 fire elementals (Volcano)
  10 swamp worms
  15 vampire mosquitoes
  8 wargs
  A soldier ant (D:11)
  6 insubstantial wisps
  Duvessa (D:6)
  6 hell hounds
  3 acid dragons
  11 water moccasins
  41 nagas
  8 swamp drakes
  3 ice beasts
  3 porcupines
  2 slaves (D:6)
  37 orc warriors
  4 sky beasts
  2 black bears
  An eye of draining (D:14)
  3 necrophages
  44 ogres
  3 phantoms
  27 wolves
  4 boggarts (D:15)
  13 centaurs
  11 crocodiles
  A human zombie (Vaults:3)
  Blork the orc (D:5)
  2 big kobolds
  19 bullfrogs
  2 wyvern zombies
  An earth elemental (Volcano)
  4 wyvern skeletons
  A water moccasin skeleton (D:10)
  2 scorpions
  10 killer bees
  3 wights (Ossuary)
  A killer bee (shapeshifter) (D:14)
  2 howler monkeys (D:9)
  7 electric eels
  6 crimson imps
  6 lava snakes
  4 centaur zombies
  A quasit (D:8)
  5 centaur skeletons
  21 orc priests
  Crazy Yiuf (D:7)
  17 hounds
  A jelly (D:14)
  A bullfrog skeleton (D:10)
  A gnoll shaman (D:8)
  6 iguanas
  27 orc wizards
  Natasha (thrice) (D:2)
  3 hell rats (Lair:4)
  7 worker ants
  A bullfrog simulacrum (D:9)
  2 hound zombies
  2 hound skeletons
  A howler monkey skeleton (D:8)
  8 adders
  10 gnolls
  6 river rats (Lair:4)
  4 shadow imps
  A white imp (D:9)
  A worker ant simulacrum (D:9)
  An ufetubus (D:9)
  6 oozes
  A worm zombie (D:8)
  An adder zombie (D:6)
  3 adder skeletons
  2 worms
  2 dart slugs
  2 leopard geckos
  105 orcs
  12 bats
  7 giant cockroaches
  5 goblins
  13 hobgoblins
  11 jackals
  5 quokkas
  2 ball python skeletons (Ossuary)
  6 frilled lizards
  A hobgoblin skeleton (Ossuary)
  A hobgoblin zombie (Ossuary)
  A jackal zombie (D:5)
  18 kobolds
  A kobold zombie (Ossuary)
  4 orc zombies (Ossuary)
  A quokka zombie (D:7)
  10 rats
  6 briar patches (Swamp:3)
  6 fungi
  A withered plant (D:15)
1677 creatures vanquished.

Vanquished Creatures (collateral kills)
  An acid blob (Slime:5)
  Louise (Swamp:4)
  A skeletal warrior (D:15)
  An orange demon (Lair:6)
  An ice devil (Lair:6)
  4 red devils (Lair:6)
  3 slime creatures (Slime:5)
  A deep troll skeleton (D:15)
  A wraith (D:15)
14 creatures vanquished.

Vanquished Creatures (others)
  2 black mambas
  A hornet (Swamp:2)
  A spriggan (Swamp:3)
  A wyvern (D:4)
  A vampire mosquito (Swamp:2)
  Menkaure (D:6)
  An ogre (Vaults:3)
  A hound (D:5)
  An adder zombie (D:6)
  An orc (D:6)
  4 fungi
  3 plants
18 creatures vanquished.

Grand Total: 1709 creatures vanquished

Notes
Turn   | Place    | Note
-------+----------+-------------------------------------------
     0 | D:1      | MisterOstroum the Gargoyle Berserker began the quest for
                  | the Orb.
     0 | D:1      | Reached XP level 1. HP: 14/14 MP: 1/1
   312 | D:1      | Reached XP level 2. HP: 20/20 MP: 2/2
   792 | D:1      | Reached XP level 3. HP: 7/24 MP: 3/3
  1393 | D:2      | Reached ** piety under Trog
  1398 | D:2      | Reached XP level 4. HP: 14/30 MP: 4/4
  1673 | D:2      | Noticed Natasha
  1679 | D:2      | Killed Natasha
  1679 | D:2      | Reached skill level 5 in Fighting
  1786 | D:2      | Reached XP level 5. HP: 31/35 MP: 5/5
  2489 | D:2      | Noticed Natasha
  2498 | D:2      | Killed Natasha
  2553 | D:2      | Noticed Natasha
  2559 | D:2      | Killed Natasha
  2961 | D:3      | Reached *** piety under Trog
  3010 | D:3      | Noticed Grinder
  3021 | D:3      | Paralysed by Grinder for 6 turns
  3041 | D:3      | Paralysed by Grinder for 4 turns
  3054 | D:3      | Paralysed by Grinder for 3 turns
  3069 | D:3      | Killed Grinder
  3069 | D:3      | Reached skill level 5 in Maces & Flails
  3069 | D:3      | Reached XP level 6. HP: 19/41 MP: 6/6
  3284 | D:3      | Found a snail-covered altar of Cheibriados.
  3326 | D:3      | Reached XP level 7. HP: 47/47 MP: 7/7
  3730 | D:4      | Found Vurumom's Magic Scroll Shoppe.
  3740 | D:4      | Bought a scroll of identify for 20 gold pieces
  3740 | D:4      | Bought a scroll of identify for 20 gold pieces
  3740 | D:4      | Bought a scroll of identify for 20 gold pieces
  3748 | D:4      | Found a sparkling altar of Nemelex Xobeh.
  3826 | D:4      | Found a glowing golden altar of the Shining One.
  3826 | D:4      | Found a hazy altar of Hepliaklqana.
  4097 | D:4      | Found a bloodstained altar of Trog.
  4158 | D:4      | Found an opulent altar of Gozag.
  4184 | D:4      | Noticed Sigmund
  4184 | D:4      | Noticed a wyvern
  4188 | D:4      | Banished a wyvern
  4194 | D:4      | Killed Sigmund
  4194 | D:4      | Reached XP level 8. HP: 56/56 MP: 8/8
  4264 | D:4      | Found a burning altar of Makhleb.
  4370 | D:4      | Found a shattered altar of Ashenzari.
  4581 | D:5      | Entered Level 5 of the Dungeon
  4586 | D:5      | Found Elaro's Antique Weapon Shoppe.
  4713 | D:5      | Reached skill level 10 in Fighting
  4895 | D:5      | Reached **** piety under Trog
  5134 | D:5      | Noticed Blork the orc
  5153 | D:5      | Killed Blork the orc
  5236 | D:5      | Found a deep blue altar of Sif Muna.
  5684 | D:6      | Reached XP level 9. HP: 62/62 MP: 9/9
  5819 | D:6      | Noticed Pikel
  6040 | D:6      | Noticed Eustachio
  6054 | D:6      | Killed Eustachio
  6099 | D:6      | Noticed Duvessa
  6099 | D:6      | Noticed Dowan
  6112 | D:6      | Banished Dowan
  6147 | D:6      | Killed Duvessa
  6239 | D:6      | Found a staircase to the Ecumenical Temple.
  6291 | D:6      | Killed Pikel
  6291 | D:6      | Reached skill level 1 in Evocations
  6305 | D:6      | Killed Menkaure
  6845 | D:7      | Found a stormy altar of Qazlal.
  6884 | D:7      | Found a hide-covered altar of Uskayaw.
  7083 | D:7      | Noticed Joseph
  7093 | D:7      | Noticed Joseph
  7093 | D:7      | Joseph changed into Joseph the ogre
  7098 | D:7      | Killed Joseph the ogre
  7114 | D:7      | Found Jijei's Lightly-Used Armoury.
  7250 | D:7      | Found a runed translucent door.
  7251 | D:7      | Noticed Crazy Yiuf
  7256 | D:7      | Killed Crazy Yiuf
  7486 | D:8      | Reached skill level 5 in Armour
  7530 | D:8      | Reached XP level 10. HP: 66/68 MP: 10/12
  7532 | D:8      | Found a sand-covered staircase.
  7545 | Ossuary  | Entered an ossuary
  7597 | Ossuary  | Reached ***** piety under Trog
  8469 | D:9      | Found Satzot's Antique Weapon Emporium.
  8478 | D:9      | Found Hyttar's Gadget Shoppe.
  8515 | D:9      | Bought a wand of random effects (5) for 45 gold pieces
  8545 | D:9      | Found a shadowy altar of Dithmenos.
  8549 | D:9      | Received a gift from Trog
  8582 | D:9      | Noticed a death yak
  8602 | D:9      | Killed a death yak
  8602 | D:9      | Reached skill level 5 in Dodging
  8607 | D:9      | Reached skill level 10 in Maces & Flails
  8730 | D:9      | Found Fyipyevu's Distillery.
  8735 | D:9      | Bought a potion of haste for 110 gold pieces
  8735 | D:9      | Bought a potion of agility for 44 gold pieces
  8766 | D:9      | Found a blossoming altar of Fedhas.
  8877 | D:9      | Reached XP level 11. HP: 63/73 MP: 4/14
  9048 | D:9      | Reached skill level 5 in Evocations
  9182 | D:9      | Found a staircase to the Lair.
 10010 | D:10     | Entered Level 10 of the Dungeon
 10010 | D:10     | Found Deqisu Cycli's Antique Weapon Boutique.
 10380 | D:10     | Reached ****** piety under Trog
 10525 | D:10     | Found a staircase to the Orcish Mines.
 10554 | D:10     | Found Xunuru's Assorted Antiques.
 10577 | D:10     | Bought a large garnet ring for 140 gold pieces
 10577 | D:10     | Bought a ruby potion for 25 gold pieces
 10577 | D:10     | Bought a scroll labeled VORICE UFOIZOS for 28 gold pieces
 10577 | D:10     | Bought a scroll labeled VORICE UFOIZOS for 28 gold pieces
 11040 | D:11     | Noticed Erolcha
 11125 | Lair:1   | Entered Level 1 of the Lair of Beasts
 12111 | Lair:2   | Noticed Fannar
 12335 | Lair:2   | Noticed Sonja
 12359 | Lair:2   | Killed Sonja
 12367 | Lair:2   | Killed Fannar
 12367 | Lair:2   | Received a gift from Trog
 12367 | Lair:2   | Reached XP level 12. HP: 81/81 MP: 5/16
 13127 | Lair:2   | Reached skill level 1 in Axes
 13682 | Lair:3   | Reached skill level 2 in Axes
 14042 | Lair:3   | Found a staircase to the Snake Pit.
 14280 | Lair:3   | Reached skill level 3 in Axes
 14617 | Lair:4   | Noticed an eight-headed hydra
 14626 | Lair:4   | Killed an eight-headed hydra
 14626 | Lair:4   | Noticed a six-headed hydra
 14636 | Lair:4   | Killed a six-headed hydra
 14689 | Lair:4   | Reached skill level 4 in Axes
 14707 | Lair:4   | Found a dark tunnel.
 14813 | Volcano  | Entered a volcano
 15030 | Volcano  | Noticed a stone giant
 15049 | Volcano  | Killed a stone giant
 15049 | Volcano  | Reached skill level 5 in Axes
 15050 | Volcano  | Found a bloodstained altar of Trog.
 15263 | Volcano  | Reached XP level 13. HP: 85/87 MP: 17/17
 15389 | Lair:4   | Reached skill level 6 in Axes
 15545 | Lair:4   | You fall through a shaft for 2 floors!
 15545 | Lair:6   | Entered Level 6 of the Lair of Beasts
 15545 | Lair:6   | Found a staircase to the Slime Pits.
 15545 | Lair:6   | Found a viscous altar of Jiyva.
 15559 | Lair:6   | Reached skill level 7 in Axes
 15565 | Lair:6   | Received a gift from Trog
 16060 | Lair:6   | Noticed a dire elephant
 16069 | Lair:6   | Killed a dire elephant
 16276 | Lair:4   | Reached skill level 8 in Axes
 16583 | Lair:4   | Found a staircase to the Swamp.
 17031 | Lair:5   | Reached skill level 9 in Axes
 18360 | Lair:6   | Found a burning altar of Makhleb.
 18372 | Lair:6   | Reached skill level 10 in Axes
 18372 | Lair:6   | Gained mutation: Your large and strong wings let you fly
                  | indefinitely. [Gargoyle growth]
 18372 | Lair:6   | Reached XP level 14. HP: 96/96 MP: 18/18
 18681 | Lair:6   | Found a gateway to Hell.
 19375 | D:11     | Received a gift from Trog
 19605 | D:11     | Killed Erolcha
 19715 | D:11     | Found a runed translucent gate.
 19715 | D:11     | Found a runed translucent gate.
 19715 | D:11     | Found a runed translucent gate.
 19716 | D:11     | Noticed Meegle's ghost (journeyman DEFE)
 19926 | D:11     | Killed Meegle's ghost
 20030 | D:12     | Reached skill level 11 in Axes
 21365 | D:14     | Found a frozen archway.
 21382 | D:14     | Reached skill level 15 in Fighting
 21397 | IceCv    | Entered an ice cave
 21516 | IceCv    | Reached skill level 12 in Axes
 21590 | IceCv    | Noticed a frost giant
 21604 | IceCv    | Killed a frost giant
 21604 | IceCv    | Received a gift from Trog
 22244 | D:14     | Found a gate to the Vaults.
 22254 | D:14     | Reached skill level 13 in Axes
 22260 | D:14     | Reached XP level 15. HP: 77/103 MP: 19/19
 22296 | D:14     | Found Xyummax's Assorted Antiques.
 22300 | D:14     | Bought a potion of heal wounds for 165 gold pieces
 22300 | D:14     | Bought a shimmering diamond amulet for 165 gold pieces
 22300 | D:14     | Identified the amulet of the Firefly {Gourm +Blink rPois
                  | SInv} (You bought it in a shop on level 14 of the Dungeon)
 22468 | D:15     | Entered Level 15 of the Dungeon
 22480 | D:15     | Found a staircase to the Depths.
 22498 | D:15     | Reached skill level 14 in Axes
 22919 | D:15     | Received a gift from Trog
 22920 | D:15     | Found the +6 shillelagh "Devastator" {shatter}
 23027 | D:15     | Found Ifruhed's Weapon Boutique.
 23701 | D:15     | Reached skill level 15 in Axes
 23978 | Snake:1  | Entered Level 1 of the Snake Pit
 24222 | Snake:1  | Found Rifrixih's General Store.
 24236 | Snake:1  | Bought a scroll of blinking for 90 gold pieces
 24236 | Snake:1  | Bought a potion of heal wounds for 60 gold pieces
 24243 | Snake:1  | Found Rajol's Food Shoppe.
 24580 | Snake:1  | Received a gift from Trog
 24818 | Snake:1  | Identified Roxanne's Collected Works on Clay
 24818 | Snake:1  | Noticed Roxanne
 24839 | Snake:1  | Identified the ring of Naikiel {*Corrode +Fly rElec SInv}
 24846 | Snake:1  | Reached XP level 16. HP: 107/108 MP: 20/20
 24855 | Snake:1  | Found Zeqi's General Store.
 24943 | Snake:1  | Bought a scroll of identify for 20 gold pieces
 24943 | Snake:1  | Bought a potion of might for 40 gold pieces
 24955 | Snake:1  | Found Ziyqus's Antique Armour Emporium.
 24960 | Snake:1  | Bought a pair of translucent gloves for 294 gold pieces
 24965 | Snake:1  | Identified the -2 pair of gloves of Pleasant Breezes {rC+
                  | MR+ Dex+3} (You bought it in a shop on level 1 of the Snake
                  | Pit)
 25377 | Snake:1  | Noticed Aizul
 25387 | Snake:1  | Reached skill level 16 in Axes
 25394 | Snake:1  | Killed Aizul
 26153 | Snake:1  | Killed Roxanne
 26672 | Snake:2  | Reached skill level 10 in Armour
 27279 | Snake:2  | Noticed Donald
 27351 | Snake:2  | Killed Donald
 27618 | Snake:3  | Noticed a nagaraja
 27628 | Snake:3  | Killed a nagaraja
 28571 | Snake:3  | Found Ehor's Gadget Emporium.
 28571 | Snake:3  | Found Poeqept's Jewellery Shop.
 28572 | Snake:3  | Found Gaxenoi's Gadget Emporium.
 28587 | Snake:3  | Bought the amulet of the Four Winds {rN+ MR+++ Clar} for
                  | 482 gold pieces
 28587 | Snake:3  | Found the amulet of the Four Winds {rN+ MR+++ Clar}
 28743 | Snake:3  | Received a gift from Trog
 28959 | Swamp:1  | Entered Level 1 of the Swamp
 29343 | Swamp:1  | Reached skill level 17 in Axes
 29993 | Swamp:1  | Found a runed translucent gate.
 29994 | Swamp:1  | Found a runed translucent gate.
 29995 | Swamp:1  | Found a runed translucent gate.
 29997 | Swamp:1  | Noticed Descartes's ghost (journeyman FoFi)
 30032 | Swamp:1  | Reached XP level 17. HP: 115/115 MP: 21/21
 31371 | Swamp:2  | Received a gift from Trog
 32787 | Swamp:3  | Reached skill level 18 in Axes
 33178 | Swamp:3  | Noticed Nikola
 33333 | Swamp:3  | Killed Nikola
 33803 | Swamp:4  | Entered Level 4 of the Swamp
 34108 | Swamp:4  | Noticed Bai Suzhen
 34281 | Swamp:4  | Received a gift from Trog
 34408 | Swamp:4  | Reached XP level 18. HP: 111/122 MP: 22/22
 34430 | Swamp:4  | Noticed Louise
 34603 | Swamp:4  | Killed Louise
 34721 | Swamp:4  | Killed Bai Suzhen
 34984 | Swamp:4  | Noticed a tentacled monstrosity
 35183 | Swamp:4  | Killed a tentacled monstrosity
 35515 | Swamp:4  | Got a decaying rune of Zot
 35710 | Snake:4  | Entered Level 4 of the Snake Pit
 36139 | Snake:4  | Identified the +8 morningstar of Bodily Harmony {distort,
                  | MP+9 Str+3}
 36746 | Snake:4  | Received a gift from Trog
 37458 | Snake:4  | Reached skill level 19 in Axes
 38450 | Snake:4  | Reached XP level 19. HP: 119/130 MP: 23/23
 38636 | Snake:4  | Got a serpentine rune of Zot
 39036 | Vaults:1 | Entered Level 1 of the Vaults
 39608 | Vaults:1 | Received a gift from Trog
 39976 | Vaults:1 | Found Baqeb's Antique Armour Shop.
 39985 | Vaults:1 | Found an iron altar of Okawaru.
 39993 | Vaults:1 | Bought a runed cloak for 315 gold pieces
 40028 | Vaults:1 | Received a gift from Trog
 40876 | Vaults:1 | Reached skill level 15 in Armour
 41423 | Vaults:1 | Received a gift from Trog
 42085 | Vaults:1 | Reached XP level 20. HP: 139/139 MP: 24/24
 42610 | Vaults:2 | Reached skill level 20 in Axes
 42952 | Vaults:2 | Found a staircase to the Crypt.
 42964 | Vaults:2 | Received a gift from Trog
 44509 | Vaults:2 | Found Xaytah's Distillery.
 44517 | Vaults:2 | Bought a potion of might for 76 gold pieces
 44517 | Vaults:2 | Bought a potion of curing for 57 gold pieces
 44517 | Vaults:2 | Bought a potion of might for 76 gold pieces
 44517 | Vaults:2 | Bought a potion of curing for 57 gold pieces
 44517 | Vaults:2 | Bought a potion of agility for 76 gold pieces
 44517 | Vaults:2 | Bought a potion of might for 76 gold pieces
 44517 | Vaults:2 | Bought 2 potions of might for 152 gold pieces
 44888 | Vaults:3 | Received a gift from Trog
 45078 | Vaults:3 | Received a gift from Trog
 45463 | Vaults:3 | Reached skill level 21 in Axes
 45606 | Vaults:3 | Reached XP level 21. HP: 146/146 MP: 25/25
 45704 | Vaults:3 | Received a gift from Trog
 45974 | Vaults:3 | Identified a scroll of acquirement
 46475 | Vaults:3 | Received a gift from Trog
 48220 | Vaults:4 | Reached skill level 22 in Axes
 48346 | Vaults:4 | Received a gift from Trog
 48474 | Vaults:4 | Reached XP level 22. HP: 125/153 MP: 26/26
 48759 | Orc:1    | Entered Level 1 of the Orcish Mines
 48782 | Orc:1    | Found Unum's Weapon Boutique.
 49131 | Orc:2    | Entered Level 2 of the Orcish Mines
 49144 | Orc:2    | Found a staircase to the Elven Halls.
 49161 | Orc:2    | Noticed Saint Roka
 49176 | Orc:1    | Found Heuts's Humungous Hoard.
 49191 | Orc:2    | Killed Saint Roka
 49759 | Orc:2    | Found a roughly hewn altar of Beogh.
 49936 | Orc:2    | Found Adip's Jewellery Emporium.
 49948 | Orc:2    | Received a gift from Trog
 49960 | Orc:2    | Found Eqalab's Armour Boutique.
 50147 | Orc:2    | Found Sirodoed's Book Boutique.
 50149 | Orc:2    | Found Ynatweg's Distillery.
 50394 | Orc:1    | Bought a potion of heal wounds for 70 gold pieces
 50494 | Orc:1    | Found a roughly hewn altar of Beogh.
 51059 | Vaults:4 | Received a gift from Trog
 51261 | Vaults:4 | Found Fiel Ebb's Food Shop.
 51439 | Vaults:4 | Received a gift from Trog
 52461 | Slime:1  | Entered Level 1 of the Pits of Slime
 52731 | Slime:3  | Gained mutation: Your body sometimes deteriorates upon
                  | taking damage. [a shining eye]
 52732 | Slime:3  | Gained mutation: Scrolls take you a little longer to read.
                  | [a shining eye]
 52748 | Slime:4  | Reached skill level 23 in Axes
 52886 | Slime:5  | Entered Level 5 of the Pits of Slime
 53229 | Slime:4  | Lost mutation: Your body sometimes deteriorates upon taking
                  | damage. [potion of mutation]
 53229 | Slime:4  | Lost mutation: Scrolls take you a little longer to read.
                  | [potion of mutation]
 53229 | Slime:4  | Gained mutation: You are agile. (Dex +2) [potion of
                  | mutation]
 53229 | Slime:4  | Gained mutation: You possess an exceptional clarity of
                  | mind. [potion of mutation]
 53634 | Slime:5  | Found a viscous altar of Jiyva.
 53634 | Slime:5  | Noticed the Royal Jelly
 53646 | Slime:5  | Killed the Royal Jelly
 53663 | Slime:5  | HP: 4/156 [acid[the Royal Jelly] (15)]
 53667 | Slime:5  | Gained mutation: Scrolls take you a little longer to read.
                  | [a shining eye]
 54001 | Slime:5  | Reached XP level 23. HP: 142/161 MP: 27/27
 54022 | Slime:5  | HP: 5/161 [acid (18)]
 54022 | Slime:5  | Splashed by an acid blob's acid

Skill      XL: |  1  2  3  4  5  6  7  8  9 10 11 12 13 14 15 16 17 18 19 20 21 22 |
---------------+-------------------------------------------------------------------+-----
Fighting       | 4 5 6 9 10 11 12 14 15 16 18 19 20 21 | 21.9
Maces & Flails | 5 6 8 10 11 | 11.9
Dodging        | 2 3 5 6 |  6.0
Armour         | 3 5 7 8 9 11 12 13 15 16 | 16.2
Evocations     | 2 4 5 |  5.6
Axes           | 5 10 13 15 17 18 19 21 22 23 | 23.3

Action                   |  1- 3 |  4- 6 |  7- 9 | 10-12 | 13-15 | 16-18 | 19-21 | 22-24 || total
-------------------------+-------+-------+-------+-------+-------+-------+-------+-------++-------
Melee: Mace              |   113 |     2 |       |       |       |       |       |       ||   115
       Whip              |       |   181 |   308 |   473 |   176 |    54 |    10 |       ||  1202
       Great mace        |       |       |       |   408 |       |       |       |       ||   408
       Executioner's axe |       |       |       |    13 |   644 |   952 |   894 |   385 ||  2888
       Shillelagh        |       |       |       |       |    32 |       |       |       ||    32
 Fire: Hunting sling     |       |     4 |       |       |       |       |       |       ||     4
Throw: Stone             |       |     3 |     3 |     9 |     2 |    12 |     3 |       ||    32
Invok: Berserk           |     2 |     6 |    12 |    19 |    25 |    32 |    30 |     9 ||   135
       Trog's Hand       |       |       |       |     1 |     2 |     1 |       |     3 ||     7
       Brothers in Arms  |       |       |       |       |     2 |     3 |       |     2 ||     7
 Abil: Fly               |       |       |       |       |       |     1 |       |       ||     1
       Stop Flying       |       |       |       |       |       |     1 |       |       ||     1
Evoke: Wand              |       |       |     4 |       |     1 |       |       |       ||     5
       Box of beasts     |       |       |       |       |     1 |       |       |       ||     1
  Use: Potion            |       |     1 |       |       |     6 |     7 |       |     8 ||    22
       Scroll            |       |       |    19 |     9 |    13 |    15 |    15 |     7 ||    78
 Stab: Sleeping          |     1 |       |       |       |       |       |       |       ||     1
       Confused          |       |       |       |       |       |     2 |       |       ||     2
  Eat: Chunk             |     3 |     8 |    24 |    37 |    41 |    26 |    54 |    18 ||   211
       Ration            |       |     1 |       |     2 |     5 |    14 |     2 |     3 ||    27
Armor: Animal skin       |    70 |    19 |       |       |       |       |       |       ||    89
       Chain mail        |       |    73 |   124 |   276 |       |       |       |       ||   473
       Skin              |       |    12 |       |       |       |       |       |       ||    12
       Plate armour      |       |       |       |   386 |   871 |  1158 |   783 |   379 ||  3577
Dodge: Dodged            |    98 |   106 |   100 |   704 |   668 |   632 |   442 |   227 ||  2977
